 Dungeon Crawl Stone Soup version 0.30-a0-1114-gd936c97349 (webtiles) character file.

Game seed: 14818578468866789161

2928 Dordric the Markskobold (level 10, -3/52 HPs)
             Began as a Kobold Hunter on Apr 20, 2023.
             Was a Follower of Hepliaklqana.
             Slain by a vampire mosquito (5 damage)
             ... on level 7 of the Dungeon.
             The game lasted 00:09:07 (6716 turns).

Dordric the Markskobold (Kobold Hunter)             Turns: 6716, Time: 00:09:08

Health: -3/52      AC:  4    Str:  8    XL:     10   Next: 7%
Magic:  10/10      EV: 17    Int: 12    God:    Hepliaklqana [*.....]
Gold:   393        SH:  0    Dex: 22    Spells: 9/9 levels left

rFire   + . .      SeeInvis .    a - +0 shortbow (drain)
rCold   . . .      Faith    .    (shield currently unavailable)
rNeg    . . .      Spirit   .    t - +1 leather armour {rF+}
rPois   .          Reflect  .    (no helmet)
rElec   .          Rampage  .    (no cloak)
rCorr   .                        (no gloves)
Will    .....                    (no boots)
Stlth   +++                      (no amulet)
HPRegen 0.28/turn                (no ring)
MPRegen 0.12/turn                (no ring)

@: no status effects
A: reduced essence, small, no large weapons, nightstalker 3
a: Renounce Religion, Recall Ancestor, Ancestor Identity


You were on level 7 of the Dungeon.
You worshipped Hepliaklqana.
Hepliaklqana was aware of your devotion.
You visited 1 branch of the dungeon, and saw 7 of its levels.

You collected 393 gold pieces.

Inventory:

Hand Weapons
 a - a +0 shortbow of draining (weapon)
 l - a +1 hand axe of freezing
Armour
 t - a +1 leather armour of fire resistance (worn)
Wands
 e - a wand of digging (4)
 i - a wand of flame (4)
 s - a wand of polymorph (7)
Scrolls
 b - 2 scrolls of immolation
 c - 3 scrolls of blinking
 d - a scroll of amnesia
 h - a scroll of magic mapping
 j - a scroll of identify
 k - 2 scrolls of enchant armour
 m - 2 scrolls of noise
 u - a scroll of fog
Potions
 f - a potion of haste {unknown}
 g - 6 potions of curing
 p - 2 potions of flight
 q - a potion of lignification {unknown}
 r - a potion of mutation {unknown}
 v - a potion of invisibility {unknown}


   Skills:
 + Level 4.9 Fighting
 - Level 16.0 Ranged Weapons
 + Level 5.4 Dodging
 - Level 1.3 Stealth


You had 9 spell levels left.
You didn't know any spells.
Your spell library contained the following spells:

 Spells                   Type           Power      Damage    Failure   Level
 Freeze                   Ice            0%         1d3       43%         1
 Magic Dart               Conj           0%         1d3       43%         1
 Sandblast                Erth           0%         2d4       43%         1
 Passwall                 Tmut/Erth      0%         N/A       58%         2
 Searing Ray              Conj           0%         2d4       58%         2
 Frozen Ramparts          Ice            0%         1d1       82%         3
 Hailstorm                Conj/Ice       0%         3d3       82%         3
 Stone Arrow              Conj/Erth      0%         3d7       82%         3
 Tukima's Dance           Hex            0%         N/A       82%         3
 Fulminant Prism          Conj/Hex       0%         3d5       99%         4
 Passage of Golubria      Tloc           0%         N/A       99%         4
 Yara's Violent Unravell  Hex/Tmut       0%         3d3       100%        5


Dungeon Overview and Level Annotations

Branches:
Dungeon (7/15)             Temple (0/1) D:6

Altars:
Ashenzari
Gozag
Hepliaklqana
Qazlal
Ru
Sif Muna
Uskayaw
Vehumet
Xom
Yredelemnul

Shops:
D:1 *

Annotations:
D:3 1 runed translucent door, Crazy Yiuf


Innate Abilities, Weirdness & Mutations

Your life essence is reduced to manifest your ancestor. (-10% HP)
You are small and have problems with some larger weapons.
You are completely attuned to the shadows.


Message History

You shoot an arrow. The arrow hits the vampire mosquito!
The vampire mosquito is heavily damaged.
The vampire mosquito misses you.
You shoot an arrow. The arrow hits the vampire mosquito!
The vampire mosquito is almost destroyed.
The vampire mosquito bites you!
The vampire mosquito draws strength from your injuries!
The vampire mosquito bites you.
The vampire mosquito draws strength from your injuries!
You are too injured to fight recklessly!
You are too injured to fight recklessly!
You are too injured to fight recklessly!
You are too injured to fight recklessly!
You are too injured to fight recklessly!
You are too injured to fight recklessly!
You are too injured to fight recklessly!
You are too injured to fight recklessly!
You are too injured to fight recklessly!
You are too injured to fight recklessly!
You are too injured to fight recklessly!
The vampire mosquito bites you but does no damage.
There is an open door here.
You see here a killer bee corpse.
The iguana attacks as you move away! The iguana misses you.
The vampire mosquito bites you but does no damage.
The vampire mosquito attacks as you move away!
The vampire mosquito bites you.
* * * LOW HITPOINT WARNING * * *
The vampire mosquito draws strength from your injuries!
The vampire mosquito closely misses you.
The vampire mosquito bites you.
* * * LOW HITPOINT WARNING * * *
The vampire mosquito draws strength from your injuries!
The vampire mosquito attacks as you move away!
The vampire mosquito bites you!
* * * LOW HITPOINT WARNING * * *
The vampire mosquito draws strength from your injuries!
The vampire mosquito attacks as you move away!
The vampire mosquito bites you.
You die...

##### #...####
###########.♣.†.)#####
#.........#.♣.#†..')..
#.........#.♣l######..
#.........#...y@...#
#.........########.########
#...####### ............#
#...# ♣.♣ ♣♣♣...♣♣♣♣♣.#
#...# ♣.♣ ♣.♣.♣ ♣.#
#...#♣♣.♣♣ ♣♣♣...♣♣♣♣♣.#
#...#♣...♣ ....).......#
##..#♣...♣########'########
#..#♣...♣#.....#...#


You could see a vampire mosquito and an iguana.

Vanquished Creatures
  A deep elf pyromancer (D:7)
  A komodo dragon (D:7)
  Sigmund (D:3)
  An ice beast (D:6)
  2 water moccasins
  2 ogres
  3 bullfrogs
  3 scorpions
  5 killer bees
  A howler monkey (D:5)
  2 hounds
  3 orc priests
  2 jellies
  5 iguanas
  Ijyb (D:3)
  Terence (D:3)
  6 orc wizards
  10 adders
  7 gnolls
  3 shadow imps
  A white imp (D:6)
  2 ufetubi
  2 worms (D:2)
  A dart slug (D:4)
  12 orcs
  3 ball pythons
  10 endoplasms
  3 giant cockroaches
  3 goblins
  8 hobgoblins
  13 jackals
  5 quokkas
  6 bats
  4 kobolds
  5 rats
138 creatures vanquished.

Vanquished Creatures (collateral kills)
  An ogre (D:7)
  A killer bee (D:6)
  A jelly (D:7)
  An orc (D:7)
4 creatures vanquished.

Vanquished Creatures (others)
  2 ancestors (D:7)
  3 fungi (D:3)
5 creatures vanquished.

Grand Total: 147 creatures vanquished

Notes
Turn   | Place    | Note
-------+----------+-------------------------------------------
     0 | D:1      | Dordric the Kobold Hunter began the quest for the Orb.
     0 | D:1      | Reached XP level 1. HP: 12/12 MP: 1/1
    12 | D:1      | Found a faded altar of an unknown god.
   473 | D:1      | Reached XP level 2. HP: 17/17 MP: 2/2
   480 | D:1      | Found Zuodd's Assorted Antiques.
   795 | D:1      | Reached skill level 6 in Ranged Weapons
  1077 | D:2      | Reached XP level 3. HP: 17/21 MP: 3/3
  1365 | D:2      | Reached skill level 7 in Ranged Weapons
  1439 | D:2      | Reached XP level 4. HP: 26/26 MP: 4/4
  1767 | D:3      | Noticed Sigmund
  1778 | D:3      | Killed Sigmund
  1779 | D:3      | Reached skill level 9 in Ranged Weapons
  1779 | D:3      | Reached XP level 5. HP: 22/30 MP: 5/5
  1779 | D:3      | Reached XP level 6. HP: 26/35 MP: 6/6
  1999 | D:3      | Reached skill level 10 in Ranged Weapons
  2069 | D:3      | Reached XP level 7. HP: 20/40 MP: 7/7
  2458 | D:3      | Noticed Terence
  2464 | D:3      | Killed Terence
  2612 | D:3      | Noticed Ijyb
  2631 | D:3      | Killed Ijyb
  2716 | D:3      | Found a radiant altar of Vehumet.
  3143 | D:3      | Found a runed translucent door.
  3145 | D:3      | Identified the +1 hammer of Museggeo {spect, rCorr SInv}
  3146 | D:3      | Noticed Crazy Yiuf
  3255 | D:4      | Reached skill level 11 in Ranged Weapons
  3464 | D:4      | Noticed a water moccasin
  3473 | D:4      | Killed a water moccasin
  3598 | D:4      | Found a basalt altar of Yredelemnul.
  3953 | D:5      | Entered Level 5 of the Dungeon
  3971 | D:4      | Reached skill level 12 in Ranged Weapons
  3971 | D:4      | Reached XP level 8. HP: 16/44 MP: 8/8
  4428 | D:5      | Found a broken altar of Ashenzari.
  4485 | D:5      | Found a sacrificial altar of Ru.
  4492 | D:5      | Found a stormy altar of Qazlal.
  4494 | D:5      | Found a shimmering blue altar of Sif Muna.
  4494 | D:5      | Found a shimmering altar of Xom.
  4494 | D:5      | Found a hazy altar of Hepliaklqana.
  4495 | D:5      | Found a hide-covered altar of Uskayaw.
  4496 | D:5      | Found an opulent altar of Gozag.
  4524 | D:5      | Reached skill level 13 in Ranged Weapons
  4927 | D:5      | Became a worshipper of Hepliaklqana the Forgotten
  4969 | D:6      | Found a staircase to the Ecumenical Temple.
  5244 | D:6      | Reached skill level 14 in Ranged Weapons
  5515 | D:6      | Identified the staff of poison "Pazuseyts" {rPois Int+3}
  5593 | D:6      | Reached XP level 9. HP: 48/48 MP: 9/9
  6010 | D:6      | Reached skill level 15 in Ranged Weapons
  6129 | D:6      | Reached * piety under Hepliaklqana
  6581 | D:7      | Reached skill level 16 in Ranged Weapons
  6614 | D:7      | Noticed a komodo dragon
  6622 | D:7      | Killed a komodo dragon
  6693 | D:7      | Noticed a deep elf pyromancer
  6706 | D:7      | Killed a deep elf pyromancer
  6707 | D:7      | Reached skill level 5 in Dodging
  6707 | D:7      | Reached XP level 10. HP: 29/52 MP: 10/10
  6715 | D:7      | HP: 1/52 [vampire mosquito (10)]
  6716 | D:7      | Slain by a vampire mosquito

Illustrated notes

Levels and vault maps discovered:
D:1:      minmay_arrival_diagonal_passages, layout_loops_corners,
          hellmonk_ecumenical_altar_pennies_from_heaven, serial_shops,
          nicolae_shop_overgrown_old_shop
D:2:      layout_basic
D:3:      layout_loops_corners, vehumet_altar_wand_db, uniq_crazy_yiuf_cottage,
          uniq_ijyb, uniq_terence, uniq_sigmund
D:4:      layout_rooms, kennysheep_little_box, grunt_ministairs_11
D:5:      layout_cave_pools, minitemple, old_standard_altar,
          chequers_serial_rivers_small_b
D:6:      layout_basic, minmay_temple_entry_waves
D:7:      nzn_winding_woodlands_stair_cross [nzn_winding_woodlands_5x15_default,
          nzn_winding_woodlands_center_lodge,
          nzn_winding_woodlands_5x15_concentric,
          nzn_winding_woodlands_hourglass, nzn_winding_woodlands_5x5_default,
          nzn_winding_woodlands_5x15_pool, nzn_winding_woodlands_center_garden,
          nzn_winding_woodlands_5x15_pockets], layout_rooms, enter_bailey_3

Skill      XL: |  1  2  3  4  5  6  7  8  9 |
---------------+----------------------------+-----
Ranged Weapons | 6 7 9 10 12 14 16 | 16.0
Dodging        | 5 |  5.4
Fighting       | 4 |  4.9
Stealth        | |  1.3

Action                     |  1- 3 |  4- 6 |  7- 9 | 10-12 || total
---------------------------+-------+-------+-------+-------++-------
  Melee: Shortbow          |       |     6 |       |       ||     6
         Hand axe          |       |       |     8 |       ||     8
   Fire: Shortbow          |    74 |    74 |   342 |     3 ||   493
  Evoke: Wand              |       |       |     1 |       ||     1
    Use: Potion            |       |     1 |       |       ||     1
         Scroll            |       |       |    10 |       ||    10
 Armour: Leather armour    |     9 |     7 |    31 |     2 ||    49
  Dodge: Dodged            |    17 |    30 |   148 |     4 ||   199

Table legend: (Time is in decaauts)
 A = Elapsed time spent in this place.
 B = Non-inter-level travel time spent in this place.
 C = Inter-level travel time spent in this place.
 D = Time resting spent in this place.
 E = Time spent auto-exploring this place.
 F = Levels seen in this place.
 G = Mean time per level.
                   A        B        C        D        E       F      G
               +--------+--------+--------+--------+--------+-----+--------+
         Total |   6720 |   6501 |    219 |      0 |   5654 |   7 |  960.0 |
       Dungeon |   6720 |   6501 |    219 |      0 |   5654 |   7 |  960.0 |
               +--------+--------+--------+--------+--------+-----+--------+

Top non-repeatable levels by time:
     D:6: 1502 daAuts
     D:3: 1457 daAuts
     D:1: 979 daAuts
     D:4: 907 daAuts
     D:5: 863 daAuts
     D:2: 775 daAuts
     D:7: 234 daAuts
